 Dungeon Crawl Stone Soup version 0.25-a0-420-g1cc7eeb0d1 (webtiles) character file.

Game seed: 3701920872460038904, levelgen mode: deterministic

27 LSt the Vandal (level 3, 0/24 HPs)
             Began as a Halfling Hunter on Jan 19, 2020.
             Slain by Terence
             ... wielding a +1 vorpal flail
              (2 damage)
             ... on level 2 of the Dungeon.
             The game lasted 00:06:57 (796 turns).

LSt the Vandal (Halfling Hunter)                     Turns: 796, Time: 00:06:58

Health: 0/24       AC:  3    Str: 14    XL:     3   Next: 25%
Magic:  3/3        EV: 14    Int:  9    God:
Gold:   46         SH:  0    Dex: 14    Spells: 2/2 levels left

rFire    . . .     SeeInvis .   a - +1 hunting sling
rCold    . . .     Gourm    .   (shield restricted)
rNeg     . . .     Faith    .   c - +0 leather armour
rPois    .         Spirit   .   (no helmet)
rElec    .         Reflect  .   (no cloak)
rCorr    .         Harm     .   (no gloves)
MR       .....                  (no boots)
Stlth    +.........             (no amulet)
HPRegen  0.08/turn              (no ring)
MPRegen  0.08/turn              (no ring)

@: no status effects
A: small, mutation resistance 1
a: no special abilities


You were on level 2 of the Dungeon.
You were not hungry.

You visited 1 branch of the dungeon, and saw 2 of its levels.

You collected 46 gold pieces.

Inventory:

Hand Weapons
 a - a +1 hunting sling (weapon)
 b - a +0 short sword
 j - a +2 dagger of venom
Missiles
 d - 7 sling bullets (quivered)
 e - 77 stones
Armour
 c - a +0 leather armour (worn)
 o - a +0 scale mail
 q - a +0 ring mail
Scrolls
 h - a scroll of blinking {unknown}
 i - a scroll of remove curse {unknown}
 k - a scroll of immolation {unknown}
 m - a scroll of identify {unknown}
 n - a scroll of magic mapping {unknown}
Potions
 g - a potion of lignification {unknown}
 l - a potion of flight {unknown}
 p - a potion of curing {unknown}
 r - a potion of heal wounds {unknown}
Comestibles
 f - 5 rations
 s - 2 chunks of flesh


   Skills:
 + Level 1.9 Fighting
 + Level 7.1 Slings
 - Level 2.1 Dodging
 - Level 1.1 Stealth


You had 2 spell levels left.
You didn't know any spells.
Your spell library was empty.

Dungeon Overview and Level Annotations

Branches:
Dungeon (2/15)

Altars:

Annotations:
D:2 Terence


Innate Abilities, Weirdness & Mutations

You are small and have problems with some larger weapons.
You are somewhat resistant to further mutation.


Message History

You shoot a sling bullet. The sling bullet hits Terence!
Terence is almost dead.
Terence shouts, "Get ready for death!"
Terence hits you with a +1 vorpal flail!
Press: ? - help, v - describe, . - travel, g - get item
Here: Terence, wielding a +1 vorpal flail and wearing a +0 scale mail (almost dead)
A sling bullet.
The floor, spattered with blood.
You are too injured to fight recklessly!
Firing (i - inventory. (/) - cycle)
d - 9 sling bullets (quivered)
Press: ? - help, Shift-Dir - straight line, f/p - Terence
Aim: Terence, wielding a +1 vorpal flail and wearing a +0 scale mail (almost dead)
You shoot a sling bullet. The sling bullet barely misses Terence.
Firing (i - inventory. (/) - cycle)
d - 8 sling bullets (quivered)
Press: ? - help, Shift-Dir - straight line, f/p - Terence
Aim: Terence, wielding a +1 vorpal flail and wearing a +0 scale mail (almost dead)
You shoot a sling bullet. The sling bullet barely misses Terence.
Terence hits you with a +1 vorpal flail!
* * * LOW HITPOINT WARNING * * *
You die...

#(. #(# #...... #.#
....... +.. #...... #(#
.....###+##.#######
.........@....... #
#.###.##@#######
.###.##...............
.....)..........#<#####
#.###.##.###.##.#.#
##.###.##.###.##.#.#
....................
....................
.........รท#...##.#.#
#.# #.......#...##.#.#
#.# # #


You could see Terence.

Vanquished Creatures
  2 dart slugs (D:1)
  A leopard gecko (D:1)
  3 goblins (D:1)
  4 hobgoblins (D:1)
  3 bats
  A frilled lizard (D:2)
  3 kobolds
  6 rats (D:1)
23 creatures vanquished.

Vanquished Creatures (others)
  A goblin (D:2)
  A frilled lizard (D:2)
2 creatures vanquished.

Grand Total: 25 creatures vanquished

Notes
Turn   | Place    | Note
-------+----------+-------------------------------------------
     0 | D:1      | LSt the Halfling Hunter began the quest for the Orb.
     0 | D:1      | Reached XP level 1. HP: 14/14 MP: 1/1
    36 | D:1      | Reached skill level 6 in Slings
   146 | D:1      | Reached XP level 2. HP: 18/19 MP: 2/2
   388 | D:1      | Reached skill level 7 in Slings
   388 | D:1      | Reached XP level 3. HP: 24/24 MP: 3/3
   783 | D:2      | Noticed Terence
   796 | D:2      | Slain by Terence

Levels and vault maps discovered:
D:1:      dpeg_arrival_rooms_b, layout_basic
D:2:      layout_basic, zin_academy, lemuel_flame_loot_1, uniq_terence,
          uniq_sigmund

Skill      XL: |  1  2 |
---------------+-------+-----
Slings         | 6 7 |  7.1
Fighting       | |  1.9
Dodging        | |  2.1
Stealth        | |  1.1

Action                   || total
-------------------------++-------
Melee: Short sword       ||    38
 Fire: Hunting sling     ||    31
 Stab: Sleeping          ||     1
Armor: Leather armour    ||     9
Dodge: Dodged            ||    20

Table legend:
 A = Non-vault XP
 B = Vault XP
 C = Vault XP percentage of total XP
 D = Non-vault monster count
 E = Vault monster count
 F = Vault count percentage of total count
                 A         B        C        D         E       F
            +---------+---------+-------+---------+---------+-------
      Total |      39 |       0 |   0.0 |      23 |       0 |   0.0
            +---------+---------+-------+---------+---------+-------
        D:1 |      34 |       0 |   0.0 |      19 |       0 |   0.0
        D:2 |       5 |       0 |   0.0 |       4 |       0 |   0.0
            +---------+---------+-------+---------+---------+-------
